 Dungeon Crawl Stone Soup version 0.26-a0-639-g72c4674329 (webtiles) character file.

Game seed: 1433229146407511018

507 Borgoz the Twirler (level 7, -3/43 HPs)
             Began as a Gargoyle Gladiator on Sept 17, 2020.
             Was an Initiate of Makhleb.
             Killed by nerve-wracking pain
             ... invoked by Menkaure
              (7 damage)
             ... on level 5 of the Dungeon.
             The game lasted 00:09:57 (4263 turns).

Borgoz the Twirler (Gargoyle Gladiator)             Turns: 4263, Time: 00:09:57

Health: -3/43      AC: 12    Str: 17    XL:     7   Next: 18%
Magic:  7/7        EV: 12    Int:  9    God:    Makhleb [......]
Gold:   148        SH:  0    Dex: 19    Spells: 6/6 levels left

rFire    . . .     SeeInvis .   a - +0 quarterstaff
rCold    . . .     Faith    .   (shield currently unavailable)
rNeg     + . .     Spirit   .   i - +0 ring mail
rPois    ∞         Reflect  .   c - +0 helmet
rElec    +         Harm     .   t - +0 cloak
rCorr    .         Rampage  .   (no gloves)
MR       .....                  (no boots)
Stlth    ..........             u - amulet of the acrobat
HPRegen  0.14/turn              k - +6 ring of dexterity
MPRegen  0.10/turn              l - ring of attention (curse)

@: no status effects
A: negative energy resistance 1, electricity resistance, unbreathing,
petrification resistance, rot immunity, AC +4
a: Renounce Religion


You were on level 5 of the Dungeon.
You worshipped Makhleb.
Makhleb was noncommittal.
You visited 2 branches of the dungeon, and saw 6 of its levels.

You collected 148 gold pieces.

Inventory:

Hand Weapons
 a - a +0 quarterstaff (weapon)
Missiles
 d - a throwing net (quivered)
Armour
 c - a +0 helmet (worn)
 i - a +0 ring mail (worn)
 t - a +0 cloak (worn)
Jewellery
 k - a +6 ring of dexterity (left hand)
 l - a cursed ring of attention (right hand)
 p - an uncursed ring of protection from cold
 u - an amulet of the acrobat (around neck)
Scrolls
 b - a scroll of remove curse {unknown}
 e - 8 scrolls of identify {unknown}
 f - a scroll of fog {unknown}
 h - a scroll of amnesia {unknown}
 j - 2 scrolls of enchant armour {unknown}
 m - 2 scrolls of teleportation {unknown}
 r - 2 scrolls of enchant weapon {unknown}
 s - a scroll of blinking {unknown}
 v - a scroll of fear {unknown}
Potions
 g - 2 potions of curing {unknown}
 n - a potion of stabbing {unknown}
 o - a potion of cancellation {unknown}
 q - 2 potions of mutation {unknown}


   Skills:
 + Level 4.3 Fighting
 * Level 5.9 Staves
 - Level 1.7 Throwing
 + Level 3.5 Armour
 + Level 2.9 Dodging


You had 6 spell levels left.
You didn't know any spells.
Your spell library was empty.

Dungeon Overview and Level Annotations

Branches:
Dungeon (5/15)             Temple (1/1) D:5

Altars:
Ashenzari
Dithmenos
Elyvilon
Fedhas
Gozag
Hepliaklqana
Kikubaaqudgha
Makhleb
Okawaru
Qazlal
Ru
Trog
Uskayaw
Yredelemnul
Zin
The Shining One

Annotations:
D:3 2 transporters, p0werm0de's ghost, amateur MiFi
D:5 Menkaure


Innate Abilities, Weirdness & Mutations

You are resistant to torment.
Your stone body is resilient. (AC +4)
You are immune to poison.
You resist negative energy. (rN+)
You are resistant to electric shocks. (rElec)
You can survive without breathing.
You are immune to petrification.
You are immune to rotting.


Message History

Menkaure barely misses you.
Throwing (i - inventory)
d - 2 throwing nets (quivered)
Press: ? - help, Shift-Dir - straight line, f - Menkaure
Aim: Menkaure (moderately damaged, fast)
You throw a throwing net. The throwing net hits Menkaure.
Menkaure is caught in the net!
Menkaure is moderately damaged.
Menkaure casts a spell at you.
You struggle to resist.
Menkaure struggles against the net.
You hit Menkaure.
Menkaure is moderately damaged.
You hit Menkaure but do no damage.
Menkaure is moderately damaged.
Menkaure struggles against the net. x2
You hit Menkaure.
Menkaure is heavily damaged.
Menkaure screams, "Why can't you leave me to my rest?"
Menkaure gestures at you while chanting.
Pain shoots through your body!
You die...

###'###........
#.....#......##
#.###.#...#### .
+.#>'.+...# ..
#.###.#...# .#
#.....##.## .#
###'####.###.#
#...........#
###.#.#.@...##
#...#...M....#
#..#####......$#
.... ........^.
#.##.
.#.......## . #.
..#.......# # ##
#####..... .####
.


You could see Menkaure (fast, caught).

Vanquished Creatures
  An ogre (D:4)
  A bullfrog skeleton (D:4)
  An iguana (D:3)
  2 orc wizards (D:3)
  3 worker ants
  3 gnolls
  8 adders
  A shadow imp (D:5)
  A white imp (D:4)
  3 worms (D:2)
  2 dart slugs
  3 leopard geckos
  9 orcs
  8 bats
  6 giant cockroaches
  12 goblins
  4 hobgoblins
  19 jackals
  8 kobolds
  A quokka (D:3)
  3 frilled lizards
  A giant cockroach zombie (D:5)
  12 rats
112 creatures vanquished.

Vanquished Creatures (others)
  2 plants (D:5)
2 creatures vanquished.

Grand Total: 114 creatures vanquished

Notes
Turn   | Place    | Note
-------+----------+-------------------------------------------
     0 | D:1      | Borgoz the Gargoyle Gladiator began the quest for the Orb.
     0 | D:1      | Reached XP level 1. HP: 12/12 MP: 1/1
   117 | D:1      | Reached XP level 2. HP: 17/18 MP: 2/2
   254 | D:1      | Reached skill level 1 in Armour
   536 | D:1      | Reached XP level 3. HP: 22/22 MP: 3/3
  1098 | D:1      | HP: 1/22 [adder (2)]
  1101 | D:1      | Reached skill level 4 in Staves
  1101 | D:1      | Reached XP level 4. HP: 2/27 MP: 4/4
  2310 | D:2      | Reached XP level 5. HP: 31/32 MP: 5/5
  2596 | D:3      | Found a transporter.
  2599 | D:3      | Noticed p0werm0de's ghost (amateur MiFi)
  2626 | D:3      | Reached skill level 5 in Staves
  2648 | D:3      | Found a transporter.
  2805 | D:3      | Reached XP level 6. HP: 35/38 MP: 6/6
  3609 | D:4      | Reached XP level 7. HP: 43/43 MP: 7/7
  4049 | D:5      | Entered Level 5 of the Dungeon
  4055 | D:5      | Found a staircase to the Ecumenical Temple.
  4065 | Temple   | Entered the Ecumenical Temple
  4225 | Temple   | Became a worshipper of Makhleb the Destroyer
  4244 | D:5      | Noticed Menkaure
  4263 | D:5      | Killed from afar by Menkaure

Illustrated notes

Levels and vault maps discovered:
D:1:      eino_arrival_water_star, layout_basic, chequers_hall_statues_y
D:2:      layout_basic, minmay_tripent
D:3:      layout_basic, gammafunk_ghost_stat_death
D:4:      layout_rooms, grunt_ministairs_2
D:5:      layout_loops_cross, minmay_temple_entry_glassed_door,
          serial_bayou_crossing, uniq_menkaure
Temple:   nicolae_temple_x_marks_the_god

Skill      XL: |  1  2  3  4  5  6 |
---------------+-------------------+-----
Armour         | 1 2 3 |  3.5
Staves         | 4 5 |  5.9
Fighting       | 3 4 |  4.3
Throwing       | |  1.7
Dodging        | |  2.9

Action                   |  1- 3 |  4- 6 |  7- 9 || total
-------------------------+-------+-------+-------++-------
Melee: Quarterstaff      |    87 |   227 |    58 ||   372
Throw: Throwing net      |     2 |     2 |     1 ||     5
 Stab: Held in net/web   |       |     1 |       ||     1
Armor: Leather armour    |    43 |       |       ||    43
       Ring mail         |     8 |   133 |    23 ||   164
Dodge: Dodged            |    93 |   198 |    27 ||   318

Table legend: (Time is in decaauts)
 A = Elapsed time spent in this place.
 B = Non-inter-level travel time spent in this place.
 C = Inter-level travel time spent in this place.
 D = Time resting spent in this place.
 E = Time spent auto-exploring this place.
 F = Levels seen in this place.
 G = Mean time per level.
                   A        B        C        D        E       F      G
               +--------+--------+--------+--------+--------+-----+--------+
         Total |   4292 |   4098 |    194 |    850 |   2365 |   6 |  715.3 |
       Dungeon |   4123 |   3937 |    186 |    850 |   2315 |   5 |  824.6 |
        Temple |    168 |    160 |      8 |      0 |     50 |   1 |  168.0 |
               +--------+--------+--------+--------+--------+-----+--------+

Top non-repeatable levels by time:
     D:1: 1311 daAuts
     D:3: 1241 daAuts
     D:2: 1057 daAuts
     D:4: 468 daAuts
  Temple: 168 daAuts
     D:5: 45 daAuts
